 Dungeon Crawl Stone Soup version 0.29.0-10-g45618ea6d2 (webtiles) character file.

Game seed: 12882379397452346213

5805 greasedhog the Basher (level 11, -9/86 HPs)
             Began as a Formicid Cinder Acolyte on Sept 1, 2022.
             Was an Initiate of Okawaru.
             Mangled by a fire elemental (10 damage)
             ... created by the fiery vengeance of Ignis
             ... on level 8 of the Dungeon.
             The game lasted 00:17:26 (11941 turns).

greasedhog the Basher (Formicid Cinder Acolyte)    Turns: 11941, Time: 00:17:27

Health: -9/86      AC: 11    Str: 23 (26) XL:     11   Next: 6%
Magic:  0/12       EV: 12    Int: 16 (18) God:    Okawaru [......]
Gold:   146        SH:  0    Dex: 11 (12) Spells: 12/12 levels left

rFire   . . .      SeeInvis +   b - +0 morningstar (venom)
rCold   + . .      Faith    .   (no shield)
rNeg    . . .      Spirit   +   l - +4 ring mail
rPois   +          Reflect  .   (helmet unavailable)
rElec   +          Harm     .   (no cloak)
rCorr   +          Rampage  .   (no gloves)
Will    +....                   r - +0 pair of boots
Stlth   +.........              E - amulet of guardian spirit
HPRegen 0.24/turn               z - ring of protection from fire
MPRegen 0.13/turn               F - +6 ring of strength

@: brilliant, resistant, fire susceptible
A: permanent stasis, dig shafts and tunnels, antennae 3, four strong arms,
talons 2, agile 1, clever 1
a: Dig, Shaft Self, Renounce Religion


You were on level 8 of the Dungeon.
You worshipped Okawaru.
Okawaru was noncommittal.
You visited 2 branches of the dungeon, and saw 10 of its levels.

You collected 338 gold pieces.
You spent 192 gold pieces at shops.

Inventory:

Hand Weapons
 b - a +0 morningstar of venom (weapon)
 C - the +5 mace "Nean" {vorpal, rN+ rCorr Stlth+}
   (You bought it in a shop on level 6 of the Dungeon)

   It inflicts extra damage upon your enemies.
   rN:        It protects you from negative energy.
   rCorr:     It protects you from acid and corrosion.
   Stlth:     It makes you more stealthy.
Armour
 h - +0 fire dragon scales
 l - a +4 ring mail (worn)
 r - a +0 pair of boots (worn)
Jewellery
 z - a ring of protection from fire (left hand)
 B - a +4 ring of evasion
 E - an amulet of guardian spirit (around neck)
 F - a +6 ring of strength (right hand)
 L - a ring of wizardry
 M - a +4 ring of protection
Wands
 m - a wand of flame (57)
 q - a wand of charming (2)
 G - a wand of roots (4)
 N - a wand of mindburst (8)
Scrolls
 a - 3 scrolls of poison
 g - 2 scrolls of enchant armour
 i - 2 scrolls of fog
 j - a scroll of torment {unknown}
 k - a scroll of vulnerability
 o - a scroll of magic mapping
 s - a scroll of silence {unknown}
 t - a scroll of noise
 w - 2 scrolls of enchant weapon
 y - a scroll of fear {unknown}
 A - 3 scrolls of identify
 D - a scroll of brand weapon
 H - a scroll of immolation {unknown}
 I - a scroll of amnesia
Potions
 c - a potion of invisibility
 d - 2 potions of cancellation
 e - 3 potions of lignification
 v - a potion of degeneration
 x - a potion of flight
 K - a potion of resistance


   Skills:
 * Level 8.1 Fighting
 * Level 11.6 Maces & Flails
 - Level 5.3 Armour
 - Level 5.0 Dodging
 - Level 1.1 Spellcasting
 - Level 3.0 Fire Magic
 - Level 5.0 Evocations


You had 12 spell levels left.
You didn't know any spells.
Your spell library contained the following spells:

 Spells                   Type           Power      Damage    Failure   Level
 Scorch                   Fire           30%        2d6       16%         2
 Magic Dart               Conj           4%         1d3       34%         1
 Searing Ray              Conj           2%         2d4       45%         2
 Stone Arrow              Conj/Erth      2%         3d7       71%         3
 Fulminant Prism          Conj/Hex       0%         3d6       98%         4
 Lehudib's Crystal Spear  Conj/Erth      0%         10d2      100%        8
 Animate Armour           Summ/Erth      Unusable   N/A       N/A         4

Dungeon Overview and Level Annotations

Branches:
Dungeon (9/15)             Temple (1/1) D:6            Lair (0/5) D:8
    Orc: D:9-12

Altars:
Ashenzari
Cheibriados
Dithmenos
Elyvilon
Fedhas
Hepliaklqana
Kikubaaqudgha
Makhleb
Okawaru
Qazlal
Ru
Sif Muna
Uskayaw
Vehumet
Wu Jian
Xom
Yredelemnul
Zin

Shops:
D:6 (


Innate Abilities, Weirdness & Mutations

You cannot be hasted, slowed, berserked, paralysed or teleported.
You can dig through walls and to a lower floor.
You have a pair of large antennae on your head. (SInv)
Your four strong arms can wield two-handed weapons with a shield.
You have razor-sharp toenails.
You are agile. (Dex +4, Str/Int -1)
Your mind is acute. (Int +4, Str/Dex -1)


Message History

The fire elemental completely misses you.
There is an escape hatch in the floor here.
You bump into the rock wall.
The fire elemental hits you. The fire elemental burns you!
It was a potion of haste.
Your stasis prevents you from being hasted.
You feel less invigorated.
You feel less confused. The fire elemental hits you.
The fire elemental burns you!
It was a potion of resistance.
You feel protected. The fire elemental closely misses you.
You closely miss the fire elemental. The fire elemental hits you.
The fire elemental burns you!
* * * LOW HITPOINT WARNING * * *
The fire elemental hits you. The fire elemental burns you!
* * * LOW HITPOINT WARNING * * *
It was a potion of mutation.
You feel extremely strange.
You feel clever.
You feel agile.
Your toenails lengthen and sharpen. x2
The fire elemental hits you. The fire elemental burns you!
* * * LOW HITPOINT WARNING * * *
Unknown command.
As you read the scroll labelled KIQAUKLO SIGE, it crumbles to dust.
You hear a loud clanging noise!
It was a scroll of noise.
The fire elemental hits you. The fire elemental burns you!
* * * LOW HITPOINT WARNING * * *
Unknown command.
Aiming: Mindburst
Press: ? - help, Shift-Dir - straight line, f - fire elemental
Aim: a fire elemental (durably summoned, infinite will)
Okay, then.
Okay, then.
Okay, then.
Aiming: Fastroot
Press: ? - help, Shift-Dir - straight line, f - fire elemental
Aim: a fire elemental (durably summoned)
The roots erupt in riotous growth!
The fire elemental is unaffected.
The fire elemental hits you. The fire elemental burns you!
You die...

####..........#..###~≈
#...........##.....~≈≈
#.############.....≈≈≈
#.# #...###≈≈ #.#
##..#...#≈
#.###########...#.⌠.#≈
#.....##........#...#~
#####.##.####....###~.
#@##.# ##........
#E##.# #.##)##.#
#.##.# #.##....#
#.##.#####.#####.#
#.##...††........#
#.########.#####..
#......###..####.#
#..###.#.......#.#
#..# #.....P.P.P..


You could see a fire elemental.

Vanquished Creatures
  A two-headed ogre (D:8)
  Maggie (D:6)
  Prince Ribbit (D:6)
  A hornet (D:7)
  Sigmund (D:6)
  A wyvern (D:7)
  4 yaks (D:8)
  A steam dragon (D:8)
  2 water moccasins
  An orc warrior (D:8)
  4 ice beasts
  2 black bears
  4 ogres (D:5)
  3 centaurs
  2 kobold brigands
  A bullfrog (D:8)
  4 necrophages
  Blork the orc (D:5)
  A gnoll sergeant (D:8)
  4 scorpions
  3 killer bees (D:8)
  A howler monkey (D:5)
  5 jellies
  3 orc priests
  A hound (D:5)
  2 gnoll boudas (D:6)
  5 iguanas
  Ijyb (D:5)
  2 orc wizards
  Robin (D:3)
  10 adders
  17 gnolls
  3 white imps
  4 ufetubi
  A worm (D:2)
  2 dart slugs
  27 orcs
  2 ball pythons
  9 bats
  5 endoplasms
  2 giant cockroaches
  19 goblins
  7 hobgoblins
  11 jackals
  4 quokkas
  2 frilled lizards
  11 kobolds
  20 rats
220 creatures vanquished.

Vanquished Creatures (collateral kills)
  A sky beast (D:8)
  A killer bee (D:8)
2 creatures vanquished.

Vanquished Creatures (others)
  2 killer bees (D:8)
  31 foxfires
  11 fungi (D:8)
  9 plants (D:8)
53 creatures vanquished.

Grand Total: 275 creatures vanquished

Notes
Turn   | Place    | Note
-------+----------+-------------------------------------------
     0 | D:1      | greasedhog the Formicid Cinder Acolyte began the quest for
                  | the Orb.
     0 | D:1      | Reached XP level 1. HP: 18/18 MP: 2/2
   503 | D:1      | Reached XP level 2. HP: 17/24 MP: 3/3
   799 | D:1      | Found a faded altar of an unknown god.
  1451 | D:2      | Reached XP level 3. HP: 28/30 MP: 4/4
  1685 | D:2      | Found an ancient bone altar of Kikubaaqudgha.
  2444 | D:3      | Reached XP level 4. HP: 36/37 MP: 5/5
  2446 | D:3      | Reached skill level 1 in Armour
  2473 | D:3      | Reached skill level 4 in Maces & Flails
  2974 | D:3      | Noticed Robin
  2984 | D:3      | Reached XP level 5. HP: 38/42 MP: 6/6
  2993 | D:3      | Killed Robin
  3579 | D:4      | Reached XP level 6. HP: 20/48 MP: 7/7
  3861 | D:4      | Reached skill level 5 in Maces & Flails
  5179 | D:5      | Entered Level 5 of the Dungeon
  5179 | D:5      | Noticed Blork the orc
  5381 | D:5      | HP: 1/48 [Blork the orc/puff of flame (2)]
  5674 | D:5      | Reached XP level 7. HP: 36/54 MP: 8/8
  5685 | D:5      | Killed Blork the orc
  5686 | D:5      | Reached skill level 6 in Maces & Flails
  5831 | D:5      | Reached skill level 5 in Armour
  5999 | D:5      | Reached skill level 1 in Dodging
  5999 | D:5      | Reached XP level 8. HP: 49/60 MP: 9/9
  6091 | D:5      | Noticed Ijyb
  6111 | D:5      | Killed Ijyb
  6440 | D:5      | Reached skill level 7 in Maces & Flails
  6955 | D:5      | Reached skill level 8 in Maces & Flails
  6955 | D:5      | Reached XP level 9. HP: 61/65 MP: 10/10
  7034 | D:5      | Found an ornate altar of the Wu Jian Council.
  7153 | D:6      | Noticed Prince Ribbit
  7167 | D:6      | Killed Prince Ribbit
  7168 | D:6      | Reached skill level 5 in Dodging
  7239 | D:6      | Noticed Sigmund
  7250 | D:6      | Killed Sigmund
  7251 | D:6      | Reached skill level 1 in Evocations
  7769 | D:6      | Found a staircase to the Ecumenical Temple.
  7798 | D:6      | Reached skill level 9 in Maces & Flails
  8026 | D:6      | Noticed Maggie
  8035 | D:6      | Killed Maggie
  8441 | D:6      | Found Nocadat's Antique Weapon Shoppe.
  8503 | D:6      | Bought a glimmering mace for 192 gold pieces
  8503 | D:6      | Identified the +5 mace "Nean" {vorpal, rN+ rCorr Stlth+}
                  | (You bought it in a shop on level 6 of the Dungeon)
  8512 | D:7      | Noticed a hornet
  8820 | D:7      | Reached XP level 10. HP: 54/71 MP: 11/11
  8917 | D:7      | Reached skill level 5 in Evocations
  8964 | D:7      | Reached skill level 10 in Maces & Flails
  9422 | D:7      | Reached skill level 5 in Fighting
  9938 | D:7      | Found a white marble altar of Elyvilon.
 10532 | D:8      | Noticed a two-headed ogre
 10569 | D:8      | Killed a two-headed ogre
 10570 | D:8      | Reached skill level 11 in Maces & Flails
 11076 | D:8      | Reached XP level 11. HP: 61/86 MP: 8/12
 11347 | D:8      | Found a hazy altar of Hepliaklqana.
 11635 | D:8      | Found a staircase to the Lair.
 11746 | Temple   | Entered the Ecumenical Temple
 11795 | Temple   | Fell from the grace of Ignis
 11795 | Temple   | Became a worshipper of Warmaster Okawaru
 11939 | D:8      | Gained mutation: Your mind is acute. (Int +4, Str/Dex -1)
                  | [potion of mutation]
 11939 | D:8      | Gained mutation: You are agile. (Dex +4, Str/Int -1)
                  | [potion of mutation]
 11939 | D:8      | Gained mutation: You have sharp toenails. [potion of
                  | mutation]
 11939 | D:8      | Gained mutation: You have razor-sharp toenails. [potion of
                  | mutation]
 11940 | D:8      | HP: 1/86 [fire elemental[the fiery vengeance of Ignis] (7)]
 11941 | D:8      | Mangled by a fire elemental

Illustrated notes

Levels and vault maps discovered:
D:1:      dpeg_arrival_windows_large_door, layout_loops_corners, serial_glass,
          glass_columns_a, glass_columns_a, feat_on_display,
          due_unseen_surprise, hellmonk_ecumenical_altar_leap_of_faith,
          ebering_dispersal_statue_hall, wander_ebering_terrifying_dragon_lair
D:2:      layout_basic, basic_altar, interstate_on_off, lemuel_another_geyser
D:3:      kennysheep_the_goblin_king, layout_basic, serial_bayou_crossing,
          uniq_robin
D:4:      layout_cave_pools, amethyst_killhole, minmay_rat_hole
D:5:      minmay_bubble_buster, layout_cave_pools,
          nicolae_wu_jian_immortal_techniques, nicolae_elevator_lobby_asterisk,
          uniq_ijyb, uniq_blork_the_orc
D:6:      layout_cave_pools, minmay_temple_entry_gardened_gates, serial_shops,
          nicolae_shop_overgrown_old_shop, uniq_maggie, uniq_prince_ribbit1,
          uniq_sigmund
D:7:      layout_layer_cave, mainiacjoe_overflow_concentric_impassable
D:8:      layout_loops_ring, nicolae_hepliaklqana_hippocampus,
          grunt_lair_entry_orc_guard_hut, minivault_14, fountainhead,
          hangedman_abyss_or_decor_slice
D:9:      minmay_bloctagon, layout_small_grid, nicolae_gozag_seed_capital,
          gammafunk_ghost_grave, nicolae_shop_fire_sale [nicolae_sub_dead_trees]
Temple:   hellmonk_temple_of_storms

Skill      XL: |  1  2  3  4  5  6  7  8  9 10 11 |
---------------+----------------------------------+-----
Fighting       | 4 7 8 |  8.1
Armour         | 2 3 4 5 |  5.3
Maces & Flails | 4 5 6 8 9 11 | 11.6
Dodging        | 1 4 5 |  5.0
Evocations     | 4 5 |  5.0
Spellcasting   | |  1.1
Fire Magic     | |  3.0

Action                   |  1- 3 |  4- 6 |  7- 9 | 10-12 || total
-------------------------+-------+-------+-------+-------++-------
Melee: Mace              |    94 |     4 |    34 |    24 ||   156
       Punch             |     1 |     3 |     5 |     3 ||    12
       Morningstar       |       |   209 |   196 |   122 ||   527
Invok: Fiery Armour      |     1 |     4 |     2 |     2 ||     9
       Foxfire Swarm     |       |     1 |     1 |     1 ||     3
       Rising Flame      |       |     1 |       |       ||     1
 Abil: Dig               |       |       |     1 |       ||     1
Evoke: Wand              |       |     2 |    10 |     8 ||    20
  Use: Scroll            |     3 |     4 |     3 |     2 ||    12
       Potion            |       |     5 |     1 |    10 ||    16
Armor: Robe              |     5 |       |       |       ||     5
       Ring mail         |    67 |   241 |   122 |    70 ||   500
       Skin              |       |       |       |     5 ||     5
Dodge: Dodged            |    89 |   186 |   169 |    88 ||   532
